 Dungeon Crawl Stone Soup version 0.30-a0-475-g03497ec522 (webtiles) character file.

Game seed: 8484607523588611940

19613 bmack86 the Cleaver (level 12, -4/108 HPs)
             Began as a Minotaur Fighter on Dec 21, 2022.
             Was an Initiate of Gozag.
             Slain by a sun demon (9 damage)
             ... summoned by an orc high priest
             ... on level 2 of the Orcish Mines.
             The game lasted 00:40:31 (9897 turns).

bmack86 the Cleaver (Minotaur Fighter)              Turns: 9897, Time: 00:40:32

Health: -4/108     AC: 28    Str: 34    XL:     12   Next: 38%
Magic:  0/11       EV: 17    Int:  5    God:    Gozag
Gold:   1519       SH:  7    Dex: 10    Spells: 11/11 levels left

rFire   + . .      SeeInvis .    M - +9 lance "Wyrmbane" {slay drac, rPois rF+ rC+ AC+3}
rCold   + . .      Faith    .    n - +1 buckler {AC+3}
rNeg    . . .      Spirit   +    C - +10 scale mail of Focus {*Corrode Regen+ Str+2}
rPois   +          Reflect  .    (helmet restricted)
rElec   .          Harm     .    b - +0 cloak
rCorr   .          Rampage  .    (no gloves)
Will    .....                    L - +1 pair of boots
Stlth   ..........               S - amulet of guardian spirit
HPRegen 1.18/turn                h - +6 ring of strength
MPRegen 0.12/turn                l - +4 ring of evasion

@: no status effects
A: horns 2, retaliatory headbutt
a: Renounce Religion, Potion Petition, Call Merchant, Bribe Branch


You were on level 2 of the Orcish Mines.
You worshipped Gozag.
Gozag was most pleased with you.
You visited 3 branches of the dungeon, and saw 14 of its levels.

You collected 2521 gold pieces.
You spent 165 gold pieces at shops.
You paid 837 gold pieces to Gozag.

Inventory:

Hand Weapons
 a - a +0 war axe
 c - a +2 vampiric war axe
 y - the +6 hammer of Fortitude {speed, rF+ rCorr}
   (You found it on level 5 of the Dungeon)

   Attacks with this weapon are significantly faster.
   rF:        It protects you from fire.
   rCorr:     It protects you from acid and corrosion.
 E - a +0 battleaxe
 K - a +3 battleaxe
 M - the +9 lance "Wyrmbane" (weapon) {slay drac, rPois rF+ rC+ AC+3}
   (You took it off Maggie on level 9 of the Dungeon)

   It inflicts extra damage against dragons and draconians.
   AC:        It affects your AC (+3).
   rF:        It protects you from fire.
   rC:        It protects you from cold.
   rPois:     It protects you from poison.
Missiles
 e - 41 poisoned darts (quivered)
 T - 4 throwing nets
Armour
 b - a +0 cloak (worn)
 n - a +1 buckler of protection (worn)
 o - a +0 chain mail
 p - a +0 pair of boots
 v - a +0 plate armour
 C - the +10 scale mail of Focus (worn) {*Corrode Regen+ Str+2}
   (You found it on level 6 of the Dungeon)

   Str:       It affects your strength (+2).
   Regen:     It increases your rate of health regeneration.
   *Corrode:  It may corrode you when you take damage.
 L - a +1 pair of boots (worn)
 N - +0 steam dragon scales
Jewellery
 h - a +6 ring of strength (left hand)
 l - a +4 ring of evasion (right hand)
 m - an amulet of regeneration
 A - a +6 ring of dexterity
 H - a ring of protection from cold
 R - a ring of willpower
 S - an amulet of guardian spirit (around neck)
Wands
 s - a wand of flame (56)
 G - a wand of polymorph (6)
 O - a wand of charming (4)
 Q - a wand of iceblast (3)
Scrolls
 k - 4 scrolls of teleportation
 r - 2 scrolls of amnesia
 t - 4 scrolls of magic mapping
 w - 3 scrolls of blinking
 U - a scroll of vulnerability
 W - a scroll of poison
Potions
 f - 4 potions of degeneration
 i - 3 potions of haste
 j - 7 potions of curing
 q - a potion of magic {unknown}
 u - 2 potions of attraction {unknown}
 x - a potion of cancellation {unknown}
 z - 2 potions of resistance {unknown}
 B - 2 potions of lignification
 D - a potion of flight {unknown}
 F - 2 potions of berserk rage {unknown}
 I - a potion of invisibility {unknown}
 J - 3 potions of mutation
 P - 2 potions of ambrosia


   Skills:
 + Level 10.9 Fighting
 + Level 14.3(15.1) Axes
 - Level 7.6(12.0) Polearms
 + Level 0.5 Throwing
 + Level 10.5 Armour
 + Level 7.9 Dodging
 + Level 2.1 Stealth
 + Level 9.0 Shields


You had 11 spell levels left.
You didn't know any spells.
Your spell library contained the following spells:

 Spells                   Type           Power      Damage    Failure   Level
 Kiss of Death            Conj/Necr      0%         2d5       73%         1
 Necrotise                Necr           0%         1d4       73%         1
 Shock                    Conj/Air       0%         1d3       73%         1
 Summon Small Mammal      Summ           0%         N/A       73%         1
 Blink                    Tloc           0%         N/A       86%         2
 Momentum Strike          Conj/Tloc      0%         3d8       86%         2
 Scorch                   Fire           0%         2d5       86%         2
 Static Discharge         Conj/Air       0%         2-2/arc   86%         2
 Call Canine Familiar     Summ           0%         N/A       97%         3
 Ignite Poison            Fire/Tmut/Pois 0%         N/A       97%         3
 Inner Flame              Hex/Fire       0%         N/A       97%         3
 Kindle Blastsparks       Fire/Tloc/Air  0%         2d10      97%         3
 Lesser Beckoning         Tloc           0%         N/A       97%         3
 Stone Arrow              Conj/Erth      0%         3d7       97%         3
 Summon Guardian Golem    Hex/Summ       0%         N/A       97%         3
 Swiftness                Air            0%         N/A       97%         3
 Vhi's Electric Charge    Tloc/Air       0%         N/A       97%         3
 Airstrike                Air            0%         2d(0-16)  100%        4
 Animate Armour           Summ/Erth      0%         N/A       100%        4
 Cause Fear               Hex            0%         N/A       100%        4
 Flame Wave               Conj/Fire      0%         2d4       100%        4
 Sticky Flame             Conj/Fire      0%         2d3       100%        4
 Agony                    Necr           0%         N/A       100%        5
 Arcjolt                  Conj/Air       0%         1d10      100%        5
 Borgnjor's Vile Clutch   Necr/Erth      0%         N/A       100%        5
 Freezing Cloud           Conj/Ice/Air   0%         6-21      100%        5
 Lightning Bolt           Conj/Air       0%         1d11      100%        5
 Summon Cactus Giant      Summ           0%         N/A       100%        6
 Discord                  Hex            0%         N/A       100%        8
 Lehudib's Crystal Spear  Conj/Erth      0%         10d2      100%        8
 Necromutation            Tmut/Necr      0%         N/A       100%        8


Dungeon Overview and Level Annotations

Branches:
Dungeon (11/15)            Temple (1/1) D:6            Lair (0/5) D:8
    Orc (2/2) D:9             Elf (0/3) Orc:2

Altars:
Ashenzari
Cheibriados
Elyvilon
Fedhas
Gozag
Hepliaklqana
Kikubaaqudgha
Makhleb
Nemelex Xobeh
Okawaru
Qazlal
Ru
Sif Muna
Trog
Uskayaw
Vehumet
Wu Jian
Xom
Yredelemnul
Zin
The Shining One

Shops:
D:8 =   D:9 *


Innate Abilities, Weirdness & Mutations

You have a pair of horns on your head.
You reflexively headbutt those who attack you in melee.


Message History

Unknown command.
Unknown command.
The ice devil is no longer distracted by gold.
The orc priest is no longer distracted by gold. x2
The orc wizard is no longer distracted by gold.
The sun demon hits you!
You are engulfed in flames.
You resist.
* * * LOW HITPOINT WARNING * * *
The orc high priest misses you. You furiously retaliate!
You headbutt the orc high priest! You block the orc high priest's attack.
The smoke demon completely misses you.
The smoke demon hits you but does no damage. x2
Things that are here:
15 gold pieces; a +0 giant club You puncture the orc high priest!
You headbutt the orc high priest!
The orc high priest is severely wounded.
The sun demon hits you.
* * * LOW HITPOINT WARNING * * *
You are engulfed in flames.
You resist.
* * * LOW HITPOINT WARNING * * *
The orc high priest prays to Beogh.
The orc wizard hits you but does no damage.
The orc high priest prays to Beogh.
You hit the orc high priest but do no damage.
The orc high priest is severely wounded.
The smoke demon hits you but does no damage.
The smoke demon misses you. You block the smoke demon's attack.
You block the sun demon's attack.
You puncture the orc high priest!
Your headbutt misses the orc high priest.
The orc high priest is almost dead.
The orc wizard casts a spell at you.
The puff of flame hits you but does no damage.
The orc high priest hits you from afar with a +0 halberd.
* * * LOW HITPOINT WARNING * * *
The orc warrior is no longer distracted by gold.
The sun demon hits you!
* * * LOW HITPOINT WARNING * * *
You are engulfed in flames!
You resist.
You die...
Your body crumbles into a pile of gold.

#.####....## #...#
.....#.....###..##
............#....#
............#....#####
..................##.##
.................##...#
.........o..........#..##
.........44o............##
.........o@$o............#
.........o33o..$........##
.......##.3o.o$.........##
#.......o...$#.........#
##............#.......## .
##...............^...## ..
#.$.....##..##.......# ...
#.$$....##...#....#.##
#... #.$$...####.###..####


You could see 2 orc high priests, a sun demon (summoned), an ice devil
(summoned), a rust devil (summoned), 2 smoke demons, 2 orc warriors, 3 orc
priests and 2 orc wizards.

Vanquished Creatures
  Snorg (D:11)
  Harold (Orc:1)
  A boulder beetle (D:11)
  Urug (D:11)
  2 two-headed ogres
  2 orc high priests (Orc:2)
  A cyclops (D:8)
  2 manticores (D:11)
  2 gargoyles
  An unseen horror (D:7)
  Maggie (D:9)
  Psyche (D:9)
  2 kobold demonologists
  A komodo dragon (D:11)
  7 trolls
  2 hornets
  Sigmund (D:3)
  4 hogs (D:8)
  A shadow (D:11)
  A wraith (D:11)
  A human (D:8)
  10 yaks
  A wyvern (D:8)
  The ghost of IdlyInterested the Slasher, an amateur DsGl (D:3)
  Menkaure (D:5)
  2 acid dragons
  5 water moccasins
  11 orc warriors
  2 sky beasts
  5 ogres
  5 black bears
  3 ice beasts
  5 centaurs
  A phantom (D:5)
  3 kobold brigands
  Blork the orc (D:5)
  7 bullfrogs
  A necrophage (D:5)
  4 scorpions
  3 gnoll sergeants
  12 wights
  10 killer bees
  A howler monkey (D:6)
  A jelly (D:4)
  14 orc priests
  Crazy Yiuf (D:5)
  10 orc wizards
  11 gnolls
  4 adders
  2 shadow imps
  2 ufetubi
  A worm (D:2)
  3 dart slugs (D:4)
  57 orcs
  12 endoplasms
  5 giant cockroaches (D:1)
  10 goblins
  4 hobgoblins
  4 jackals
  22 kobolds
  A quokka (D:1)
  9 ball pythons
  4 bats
  A frilled lizard (D:1)
  9 rats
317 creatures vanquished.

Vanquished Creatures (others)
  An orc priest (Orc:2)
  An orc (Orc:2)
  35 fungi (D:8)
  44 plants (D:8)
81 creatures vanquished.

Grand Total: 398 creatures vanquished

Notes
Turn   | Place    | Note
-------+----------+-------------------------------------------
     0 | D:1      | bmack86 the Minotaur Fighter began the quest for the Orb.
     0 | D:1      | Reached XP level 1. HP: 19/19 MP: 0/0
   256 | D:1      | Reached XP level 2. HP: 27/27 MP: 1/1
   734 | D:1      | Reached XP level 3. HP: 33/33 MP: 2/2
  1037 | D:2      | Reached skill level 3 in Axes
  1692 | D:2      | Reached XP level 4. HP: 39/40 MP: 3/3
  1904 | D:3      | Noticed IdlyInterested's ghost (amateur DsGl)
  1907 | D:3      | Found a runed translucent door.
  2059 | D:3      | Noticed Sigmund
  2066 | D:3      | Killed Sigmund
  2067 | D:3      | Reached skill level 4 in Axes
  2067 | D:3      | Reached skill level 5 in Armour
  2067 | D:3      | Reached skill level 1 in Dodging
  2067 | D:3      | Reached XP level 5. HP: 42/47 MP: 4/4
  2182 | D:3      | Found an iron altar of Okawaru.
  2587 | D:3      | Killed IdlyInterested's ghost
  2588 | D:3      | Reached skill level 5 in Axes
  2588 | D:3      | Reached XP level 6. HP: 49/55 MP: 5/5
  2602 | D:3      | Identified a scroll of acquirement
  2605 | D:3      | Acquired a +1 buckler of protection
  2750 | D:4      | Reached skill level 5 in Fighting
  2750 | D:4      | Reached skill level 6 in Axes
  2782 | D:4      | Found a white marble altar of Elyvilon.
  2841 | D:4      | Reached XP level 7. HP: 48/61 MP: 6/6
  2951 | D:4      | Found a glowing golden altar of the Shining One.
  2972 | D:4      | Found a radiant altar of Vehumet.
  3226 | D:4      | Found a sacrificial altar of Ru.
  3300 | D:5      | Entered Level 5 of the Dungeon
  3368 | D:5      | Noticed Menkaure
  3377 | D:5      | Killed Menkaure
  3457 | D:5      | Reached skill level 7 in Axes
  3457 | D:5      | Reached skill level 5 in Shields
  3496 | D:5      | Noticed Blork the orc
  3507 | D:5      | Killed Blork the orc
  3533 | D:5      | Reached XP level 8. HP: 70/70 MP: 7/7
  3575 | D:5      | Reached skill level 8 in Axes
  3748 | D:5      | Found a runed translucent door.
  3749 | D:5      | Noticed Crazy Yiuf
  3758 | D:5      | Killed Crazy Yiuf
  3763 | D:5      | Identified the +6 hammer of Fortitude {speed, rF+ rCorr}
  3858 | D:6      | Noticed a two-headed ogre
  3866 | D:6      | Killed a two-headed ogre
  3867 | D:6      | Reached skill level 9 in Axes
  4032 | D:6      | Reached skill level 10 in Axes
  4097 | D:6      | Identified the +10 scale mail of Focus {*Corrode Regen+
                  | Str+2}
  4151 | D:6      | Reached XP level 9. HP: 74/78 MP: 8/8
  4246 | D:6      | Got the Encyclopedia of Left-Handed Rites
  4257 | D:6      | Found a staircase to the Ecumenical Temple.
  4269 | Temple   | Entered the Ecumenical Temple
  4352 | Temple   | Became a worshipper of Gozag Ym Sagoz the Greedy
  4637 | D:7      | Reached skill level 11 in Axes
  4736 | D:7      | Found a bloodstained altar of Trog.
  4736 | D:7      | Found a hide-covered altar of Uskayaw.
  4737 | D:7      | Found a sparkling altar of Nemelex Xobeh.
  4970 | D:7      | Reached skill level 1 in Stealth
  5391 | D:7      | Killed an unseen horror
  5657 | D:8      | Noticed a cyclops
  5671 | D:8      | Killed a cyclops
  5672 | D:8      | Reached skill level 12 in Axes
  5672 | D:8      | Reached XP level 10. HP: 86/86 MP: 9/9
  5926 | D:8      | Reached skill level 13 in Axes
  5987 | D:8      | Found a staircase to the Lair.
  6336 | D:9      | Found Fynis's Changing Room.
  6341 | D:9      | Reached skill level 5 in Dodging
  6421 | D:9      | Bought a potion of mutation for 120 gold pieces
  6421 | D:9      | Bought a potion of lignification for 45 gold pieces
  6506 | D:9      | Found a staircase to the Orcish Mines.
  6525 | D:9      | Reached skill level 14 in Axes
  6581 | D:9      | Reached XP level 11. HP: 97/97 MP: 10/10
  6684 | D:9      | Noticed Maggie
  6702 | D:9      | Killed Maggie
  6915 | D:9      | Noticed Psyche
  6921 | D:9      | Killed Psyche
  6983 | D:9      | Found a burning altar of Makhleb.
  6988 | D:9      | Found a glowing silver altar of Zin.
  6988 | D:9      | Noticed an angel
  6988 | D:9      | Noticed a balrug
  7085 | D:10     | Entered Level 10 of the Dungeon
  7104 | D:10     | Reached skill level 1 in Polearms
  8224 | D:11     | Noticed a boulder beetle
  8235 | D:11     | Reached skill level 5 in Polearms
  8260 | D:11     | Killed a boulder beetle
  8397 | D:11     | Noticed Urug
  8409 | D:11     | Killed Urug
  8720 | D:11     | Noticed Snorg
  8782 | D:11     | Killed Snorg
  8783 | D:11     | Reached skill level 10 in Fighting
  9049 | D:11     | Reached XP level 12. HP: 106/106 MP: 11/11
  9216 | Orc:1    | Entered Level 1 of the Orcish Mines
  9216 | Orc:1    | Noticed a two-headed ogre
  9224 | Orc:1    | Killed a two-headed ogre
  9225 | Orc:1    | Reached skill level 10 in Armour
  9297 | Orc:1    | Found Ysmuc's Assorted Antiques.
  9387 | Orc:1    | Noticed Harold
  9400 | Orc:1    | Killed Harold
  9596 | Orc:2    | Entered Level 2 of the Orcish Mines
  9611 | Orc:2    | Noticed an orc warlord
  9640 | Orc:2    | Found a staircase to the Elven Halls.
  9783 | Orc:2    | Noticed an orc high priest
  9790 | Orc:2    | Noticed an orc high priest
  9800 | Orc:2    | Killed an orc high priest
  9808 | Orc:2    | Noticed an orc high priest
  9820 | Orc:2    | Noticed an orc high priest
  9875 | Orc:2    | Killed an orc high priest
  9897 | Orc:2    | HP: 5/108 [sun demon[an orc high priest] (15)]
  9897 | Orc:2    | Slain by a sun demon

Illustrated notes

Levels and vault maps discovered:
D:1:      dpeg_arrival_leaves_temple_mockup, layout_loops_corners,
          minmay_splitting_lines, chequers_serial_rivers_small_3,
          chequers_serial_rivers_micro_c, minmay_worlds_worst_comb
D:2:      layout_loops_corners, kennysheep_decorative_pillar,
          kennysheep_another_room, chequers_avenue, minmay_tetromino_i4
D:3:      layout_basic, amcnicky_altar_gilded, hellmonk_ghost_happy_afterlife,
          patterned_corridor, uniq_sigmund
D:4:      layout_basic, nicolae_overflow_quartered_altars
D:5:      layout_rooms, chequers_serial_rivers_micro_d, uniq_menkaure,
          uniq_crazy_yiuf_cottage, uniq_blork_the_orc
D:6:      layout_gridville, minmay_temple_entry_grid
D:7:      layout_basic, chequers_temple_overflow_statue_of_worship
D:8:      layout_rooms, due_lair_maze_entry_diamond, grunt_livestock,
          nicolae_zen_rock_garden, minmay_fractal_squares_diagonal_5
D:9:      layout_cave_pools, grunt_temple_overflow_order_and_chaos_2,
          david_orc_5, nicolae_transmutations_shop, uniq_psyche, uniq_maggie
D:10:     layout_long_grid
D:11:     layout_loops_cross, serial_co_window_serial,
          co_window_of_opportunity_a, co_window_corner_a,
          co_window_of_opportunity_a, co_window_corner_a, co_window_corner_a,
          co_window_unsneaky_path_a, co_window_paths_c, co_window_corner_b,
          co_window_paths_c, co_window_of_opportunity_b, co_window_corner_b,
          co_window_unsneaky_path_c, co_window_paths_e, glass_columns_a,
          glass_columns_b, glass_columns_a, glass_columns_c, minmay_circle_x,
          uniq_urug, uniq_snorg
Temple:   nicolae_temple_hex_pool
Orc:1:    layout_caves, serial_shops, shop, uniq_harold
Orc:2:    st_orc_mages, layout_caves

Skill      XL: |  1  2  3  4  5  6  7  8  9 10 11 12 |
---------------+-------------------------------------+-----
Armour         | 4 5 6 7 8 9 10 | 10.5
Fighting       | 4 5 6 7 9 10 | 10.9
Shields        | 4 5 6 8 9 |  9.0
Axes           | 3 4 5 6 7 10 12 14 | 14.3
Dodging        | 1 2 3 5 7 |  7.9
Stealth        | 1 2 |  2.1
Polearms       | 7 |  7.6
Throwing       | |  0.5

Action                   |  1- 3 |  4- 6 |  7- 9 | 10-12 || total
-------------------------+-------+-------+-------+-------++-------
Melee: War axe           |    94 |    63 |   183 |   158 ||   498
       Headbutt          |     5 |    11 |    37 |   102 ||   155
       Lance             |       |       |       |   314 ||   314
Throw: Dart              |       |     3 |       |       ||     3
Invok: Call Merchant     |       |       |       |     1 ||     1
  Use: Scroll            |     2 |     6 |     4 |     6 ||    18
       Potion            |       |       |       |     7 ||     7
 Stab: Distracted        |       |       |       |     1 ||     1
Armor: Scale mail        |    48 |     4 |    91 |   245 ||   388
       Chain mail        |       |    19 |    15 |       ||    34
       Plate armour      |       |       |    28 |       ||    28
Dodge: Dodged            |    43 |    46 |    96 |   401 ||   586
Block: Buckler           |    19 |    18 |    43 |   187 ||   267

Table legend: (Time is in decaauts)
 A = Elapsed time spent in this place.
 B = Non-inter-level travel time spent in this place.
 C = Inter-level travel time spent in this place.
 D = Time resting spent in this place.
 E = Time spent auto-exploring this place.
 F = Levels seen in this place.
 G = Mean time per level.
                   A        B        C        D        E       F      G
               +--------+--------+--------+--------+--------+-----+--------+
         Total |   9811 |   9514 |    297 |    142 |   5752 |  14 |  700.8 |
       Dungeon |   9104 |   8827 |    277 |    133 |   5440 |  11 |  827.6 |
        Temple |    105 |     85 |     20 |      0 |     39 |   1 |  105.0 |
  Orcish Mines |    600 |    600 |      0 |      9 |    273 |   2 |  300.0 |
               +--------+--------+--------+--------+--------+-----+--------+

Top non-repeatable levels by time:
    D:11: 1212 daAuts
     D:2: 1033 daAuts
     D:7: 1000 daAuts
     D:1: 884 daAuts
    D:10: 801 daAuts
     D:3: 781 daAuts
     D:9: 781 daAuts
     D:8: 715 daAuts
     D:4: 666 daAuts
     D:6: 645 daAuts
     D:5: 582 daAuts
   Orc:1: 356 daAuts
   Orc:2: 244 daAuts
  Temple: 105 daAuts
